 Dungeon Crawl Stone Soup version 0.32-a0-128-g77eb882913 (webtiles) character file.

Game seed: 15471705253883407144

48521 Esekla the Covert (level 14, -12/73 HPs)
             Began as a Vine Stalker Delver on Feb 7, 2024.
             Was a High Priest of Vehumet.
             Engulfed by a cloud of freezing vapour (22 damage)
             ... on level 5 of the Lair of Beasts.
             The game lasted 02:57:30 (17251 turns).

Esekla the Covert (Vine Stalker Delver)            Turns: 17251, Time: 02:57:31

Health: -12/73     AC: 17    Str: 20    XL:     14   Next: 46%
Magic:  0/27       EV: 19    Int: 20    God:    Vehumet [*****.]
Gold:   1720       SH:  7    Dex: 14    Spells: 8/30 levels left

rFire   . . .        a - +4 falchion
rCold   . . .        l - +2 buckler {reflect}
rNeg    . . .        U - +2 robe of Protective Custody {Will+ Regen+ Dex-4}
rPois   .            I - +0 helmet
rElec   .            b - +0 cloak
rCorr   .            V - +2 pair of gloves {Str+3}
SInv    .            (no boots)
Will    ++...        (no amulet)
Stlth   ++++         i - +5 ring of evasion
HPRegen 1.92/turn    t - ring "Xiumaet" {Int+6 Dex+3}
MPRegen 0.20/turn

%: reflection, guardian spirit
@: ice-armoured
A: fangs 3, regeneration 1, magic shield, antimagic bite, no potion heal 2
a: Renounce Religion


You were on level 5 of the Lair of Beasts.
You worshipped Vehumet.
Vehumet was extremely pleased with you.
You visited 3 branches of the dungeon, and saw 17 of its levels.
You also visited: Gauntlet.

You collected 2495 gold pieces.
You spent 775 gold pieces at shops.

Inventory:

Hand Weapons
 a - a +4 falchion (weapon)
 r - a +0 trident of protection
 s - a +2 dagger of venom
Missiles
 y - 5 boomerangs
 D - 28 poisoned darts (quivered)
 S - 7 curare-tipped darts
 W - 5 javelins
Armour
 b - a +0 cloak (worn)
 l - a +2 buckler of reflection (worn)
 F - a +2 leather armour of poison resistance
 I - a +0 helmet (worn)
 U - the +2 robe of Protective Custody (worn) {Will+ Regen+ Dex-4}
   (You found it in a Gauntlet)

   Dex-4:     It affects your dexterity (-4).
   Will+:     It increases your willpower.
   Regen+:    It increases your rate of health regeneration.
 V - a +2 pair of gloves of strength (worn)
Jewellery
 i - a +5 ring of evasion (left hand)
 t - the ring "Xiumaet" (right hand) {Int+6 Dex+3}
   (You found it in a Gauntlet)

   [ring of intelligence]

   Int+6:     It affects your intelligence (+6).
   Dex+3:     It affects your dexterity (+3).
 B - a ring of protection from fire
 C - a ring of fire
 N - a ring of see invisible
Wands
 g - a wand of digging (1)
 h - a wand of flame (58)
 z - a wand of acid (12)
 E - a wand of mindburst (10)
 L - a wand of iceblast (32)
Scrolls
 c - 2 scrolls of fog
 e - a scroll of blinking
 j - a scroll of poison
 k - 3 scrolls of enchant armour
 m - 6 scrolls of enchant weapon
 u - a scroll of amnesia
 v - a scroll of acquirement
 x - a scroll of silence
 A - 6 scrolls of teleportation
 G - a scroll of fear
 R - 2 scrolls of revelation
Potions
 d - 3 potions of attraction
 f - 5 potions of curing
 n - 2 potions of invisibility
 o - a potion of haste
 p - 3 potions of resistance
 q - a potion of might
 w - 3 potions of brilliance
 H - a potion of berserk rage
 O - a potion of cancellation
 P - a potion of enlightenment
 Q - 4 potions of lignification


   Skills:
 * Level 8.1 Fighting
 + Level 3.3(6.3) Short Blades
 + Level 8.4(8.7) Long Blades
 + Level 1.1 Throwing
 - Level 0.9 Armour
 + Level 5.7 Dodging
 + Level 10.3 Stealth
 + Level 4.3 Shields
 * Level 8.8 Spellcasting
 + Level 7.2 Conjurations
 + Level 6.3 Translocations
 + Level 7.0 Fire Magic
 + Level 7.1 Ice Magic
 * Level 7.0 Air Magic
 + Level 6.0 Alchemy


You had 8 spell levels left.
You knew the following spells:

 Your Spells              Type           Power      Damage    Failure   Level
a - Ozocubu's Armour      Ice            37%        N/A       1%          3
c - Mephitic Cloud        Conj/Alch/Air  35%        N/A       1%          3
i - Iskenderun's Mystic   Conj/Tloc      36%        2d9       1%          4
o - Scorch                Fire           72%        2d8       1%          2
p - Apportation           Tloc           68%        N/A       1%          1
y - Sticky Flame          Fire/Alch      34%        2d7       1%          4
z - Freezing Cloud        Conj/Ice/Air   18%        6-21      4%          5

Your spell library contained the following spells:

 Spells                   Type           Power      Damage    Failure   Level
 Starburst                Conj/Fire      18%        6d7       21%         6
 Sting                    Conj/Alch      100%       1d9       1%          1
 Flame Wave               Conj/Fire      37%        2d10      1%          4
 Fulminant Prism          Conj/Alch      17%        3d10      1%          4
 Gell's Gravitas          Tloc           34%        N/A       2%          3
 Teleport Other           Tloc           34%        N/A       2%          3
 Arcjolt                  Conj/Air       18%        1d28      4%          5
 Irradiate                Conj/Alch      17%        3d17      4%          5
 Vhi's Electric Charge    Tloc/Air       70%        N/A       6%          4
 Passage of Golubria      Tloc           34%        N/A       7%          4
 Necrotise                Necr           32%        1d5       10%         1
 Summon Small Mammal      Summ           32%        N/A       10%         1
 Call Imp                 Summ           16%        N/A       14%         2
 Sublimation of Blood     Necr           8%         N/A       14%         2
 Yara's Violent Unravell  Hex/Alch       10%        3d6       21%         5
 Summon Blazeheart Golem  Fire/Summ      22%        N/A       22%         4
 Call Canine Familiar     Summ           8%         N/A       28%         3
 Tukima's Dance           Hex            8%         N/A       28%         3
 Metabolic Englaciation   Hex/Ice        11%        N/A       52%         5
 Anguish                  Hex/Necr       4%         N/A       67%         4
 Cause Fear               Hex            4%         N/A       67%         4
 Sculpt Simulacrum        Ice/Alch       17%        N/A       69%         6
 Dispersal                Tloc           17%        N/A       73%         6
 Summon Cactus Giant      Summ           4%         N/A       100%        6
 Enfeeble                 Hex            4%         N/A       100%        7
 Summon Hydra             Summ           4%         N/A       100%        7
 Maxwell's Capacitive Co  Air            18%        ∞         100%        8


Dungeon Overview and Level Annotations

Branches:
Dungeon (11/15)            Temple (1/1) D:5            Lair (5/5) D:9
 Shoals (0/4) Lair:2       Spider (0/4) Lair:2        Slime (0/5) Lair:4
Gauntlet (visited)
    Orc: D:9-12

Altars:
Ashenzari
Cheibriados
Dithmenos
Elyvilon
Fedhas
Gozag
Hepliaklqana
Kikubaaqudgha
Makhleb
Nemelex Xobeh
Okawaru
Qazlal
Ru
Sif Muna
Trog
Uskayaw
Vehumet
Wu Jian
Xom
Yredelemnul
Zin
The Shining One

Shops:
D:2 [   D:3 ?   D:5 :![   D:8 *

Annotations:
D:6 2 runed translucent doors, whatisthis's ghost, novice DsRe
Lair:5 2 transporters, bjtr's ghost, adept VSEn


Innate Abilities, Weirdness & Mutations

You have razor-sharp teeth.
Your natural rate of healing is unusually fast.
When hurt, damage is shared between your health and your magic reserves.
Your bite disrupts and absorbs the magic of your enemies.
Potions cannot restore your health.


Message History

You are engulfed in freezing vapours.
The death yak is engulfed in freezing vapours.
Casting: Freezing Cloud (dangerous; 4% risk of failure)
Confirm with . or Enter, or press ? or * to list all spells.
A film of ice covers your body!
You are engulfed in freezing vapours.
The death yak is engulfed in freezing vapours.
Your +2 dagger of venom begins to drip with poison!
s - a +2 dagger of venom (weapon)
You are engulfed in freezing vapours.
The death yak is engulfed in freezing vapours.
The death yak closely misses you.
You hit the death yak.
The death yak is poisoned.
Your bite misses the death yak.
The death yak is heavily wounded.
You are engulfed in freezing vapours.
The death yak is engulfed in freezing vapours.
The death yak barely misses you.
You hit the death yak.
The death yak looks as sick as possible!
You bite the death yak! You drain its power.
You feel invigorated.
The death yak is severely wounded.
You are engulfed in freezing vapours.
* * * LOW HITPOINT WARNING * * *
Your +2 dagger of venom stops dripping with poison.
a - a +4 falchion (weapon)
You are engulfed in freezing vapours.
* * * LOW HITPOINT WARNING * * *
The death yak is engulfed in freezing vapours.
The death yak gores you!
* * * LOW HITPOINT WARNING * * *
You hit the death yak but do no damage.
The death yak is almost dead.
You are engulfed in freezing vapours.
* * * LOW HITPOINT WARNING * * *
The death yak is engulfed in freezing vapours.
The death yak closely misses you.
You hit the death yak. Your bite misses the death yak.
The death yak is almost dead.
You are engulfed in freezing vapours.
You die...

###### ##..P.#######
##..♣........##
##..P.P.....÷†.##
##########
...#######..§§§°##
#.[..##..# .###
###§§§Y@#
#........#### .÷..Y...
###§♣.###.........#.##
÷..Y.Y..
###..##.............
......#.
##..##............
#...###
#.P.#..(......... #...
##..#............ Y÷..
#..##........##. #.ß..
#...#.......###.
##.P.#......###.#


You could see a death yak (extremely poisoned).

Vanquished Creatures
  A minotaur (Gauntlet)
  2 hydras
  A tengu warrior (Gauntlet)
  A two-headed ogre (D:9)
  3 death yaks (Lair:5)
  An occultist (Gauntlet)
  Sonja (Lair:3)
  Amaemon (Lair:2)
  3 skysharks
  An arcanist (Gauntlet)
  A necromancer (D:10)
  A wolf spider (Lair:3)
  4 black mambas
  16 elephants
  2 manticores (D:11)
  An ice statue (Gauntlet)
  An orange demon (Lair:2)
  2 rime drakes
  A torpor snail (Lair:4)
  8 komodo dragons
  12 cane toads
  Maggie (D:10)
  An unseen horror (D:10)
  A tengu conjurer (Gauntlet)
  2 polar bears
  3 trolls
  22 blink frogs
  A hornet (D:11)
  2 dream sheep (Lair:4)
  Sigmund (D:2)
  3 shadows
  3 wraiths
  A wyvern (Lair:5)
  54 yaks
  5 basilisks
  3 vampire mosquitoes (D:11)
  3 acid dragons
  14 water moccasins
  2 ice beasts
  A black bear (D:8)
  4 orc warriors
  24 wolves
  7 centaurs
  2 ogres
  A phantom (D:4)
  9 bullfrogs
  3 kobold brigands
  5 wights (D:6)
  4 killer bees
  10 howler monkeys
  4 bombardier beetles
  A hound (D:5)
  7 jellies
  8 orc priests
  4 iguanas
  3 sleepcaps
  Jessica (D:2)
  Natasha (thrice) (D:2)
  Ijyb (D:3)
  2 gnoll boudas (D:5)
  10 orc wizards
  5 polar bear simulacra (D:10)
  2 yak simulacra (D:10)
  2 wolf simulacra (D:10)
  Robin (D:3)
  8 gnolls
  5 adders
  2 river rats (D:10)
  3 shadow imps
  5 white imps
  2 ufetubi (D:6)
  3 dart slugs
  5 ribbon worms
  26 orcs
  6 ball pythons
  3 bats
  13 endoplasms
  3 giant cockroaches
  16 goblins
  7 hobgoblins
  6 jackals (D:1)
  16 kobolds
  3 quokkas
  3 frilled lizards
  6 rats
  2 river rat simulacra (D:10)
  2 butterflies (Lair:3)
455 creatures vanquished.

Notes
Turn   | Place    | Note
-------+----------+-------------------------------------------
     0 | D:5      | Esekla the Vine Stalker Delver began the quest for the Orb.
     0 | D:5      | Reached XP level 1. HP: 11/11 MP: 2/2
     9 | D:5      | Noticed a jelly
    10 | D:5      | Found a staircase to the Ecumenical Temple.
    16 | Temple   | Entered the Ecumenical Temple
    23 | Temple   | Became a worshipper of Vehumet
    52 | D:5      | Noticed a phantom
    55 | D:5      | Noticed a gnoll bouda
    67 | D:5      | Noticed an ogre
    80 | D:3      | Noticed a bombardier beetle
   134 | D:3      | Found Wetzur's Magic Scroll Shoppe.
   149 | D:2      | Found Rijenim's Antique Armour Emporium.
   268 | D:3      | Reached XP level 2. HP: 16/16 MP: 3/3
   409 | D:1      | Reached XP level 3. HP: 19/19 MP: 4/4
   540 | D:1      | Reached * piety under Vehumet
   540 | D:1      | Offered knowledge of Sandblast by Vehumet.
   719 | D:1      | Reached skill level 1 in Spellcasting
  1085 | D:2      | Noticed Sigmund
  1100 | D:2      | Killed Sigmund
  1101 | D:2      | Reached skill level 7 in Stealth
  1101 | D:2      | Reached XP level 4. HP: 16/24 MP: 3/7
  1101 | D:2      | Reached XP level 5. HP: 19/28 MP: 3/8
  1309 | D:2      | Noticed Jessica
  1314 | D:2      | Killed Jessica
  1315 | D:2      | Reached skill level 1 in Short Blades
  1315 | D:2      | Reached XP level 6. HP: 32/32 MP: 8/10
  1365 | D:2      | Noticed Natasha
  1408 | D:2      | Killed Natasha
  1686 | D:2      | Noticed Natasha
  2094 | D:2      | Killed Natasha
  2189 | D:2      | Noticed Natasha
  2197 | D:2      | Killed Natasha
  2316 | D:3      | Reached ** piety under Vehumet
  2316 | D:3      | Offered knowledge of Shock by Vehumet.
  2426 | D:3      | Found a shimmering altar of Xom.
  2639 | D:4      | Reached skill level 8 in Stealth
  2804 | D:4      | Reached XP level 7. HP: 36/36 MP: 11/11
  2939 | D:3      | Noticed Ijyb
  2948 | D:5      | Noticed a walking frostbound tome
  3005 | D:5      | Learned a level 2 spell: Scorch
  3560 | D:5      | Offered knowledge of Static Discharge by Vehumet.
  3562 | D:5      | Found Ochot's Distillery.
  3562 | D:5      | Found Kuckejy's Armour Shop.
  3701 | D:5      | Found Soiginlo's Book Emporium.
  3704 | D:5      | Noticed a walking crystal tome
  3731 | D:5      | Reached skill level 1 in Fire Magic
  3760 | D:5      | Identified 2 scrolls of acquirement
  3760 | D:5      | Acquired 1177 gold pieces
  4122 | D:5      | Reached skill level 1 in Ice Magic
  4228 | D:5      | Reached *** piety under Vehumet
  4229 | D:5      | Gained mutation: You have razor-sharp teeth. [Vine Stalker
                  | growth]
  4229 | D:5      | Reached XP level 8. HP: 21/42 MP: 5/13
  4525 | D:5      | Bought a book of Winter for 374 gold pieces
  4529 | D:5      | Learned a level 3 spell: Ozocubu's Armour
  4771 | D:5      | Bought a potion of mutation for 88 gold pieces
  4771 | D:5      | Bought a potion of berserk rage for 55 gold pieces
  4771 | D:5      | Bought a potion of curing for 33 gold pieces
  4816 | D:3      | Bought a scroll of enchant weapon for 90 gold pieces
  4816 | D:3      | Bought a scroll of identify for 24 gold pieces
  4816 | D:3      | Bought a scroll of identify for 24 gold pieces
  4816 | D:3      | Bought a scroll of identify for 24 gold pieces
  4816 | D:3      | Bought a scroll of identify for 24 gold pieces
  4861 | D:3      | Noticed Robin
  4888 | D:3      | Killed Robin
  4903 | D:3      | Offered knowledge of Iskenderun's Mystic Blast by Vehumet.
  4916 | D:3      | Learned a level 4 spell: Iskenderun's Mystic Blast
  4946 | D:3      | Killed Ijyb
  4947 | D:3      | Reached skill level 5 in Long Blades
  4954 | D:3      | Reached skill level 1 in Translocations
  5207 | D:6      | Reached skill level 1 in Conjurations
  5297 | D:6      | Found a large runed translucent door.
  5298 | D:6      | Found a large runed translucent door.
  5299 | D:6      | Noticed whatisthis's ghost (novice DsRe)
  5731 | D:6      | Reached XP level 9. HP: 32/46 MP: 15/15
  6694 | D:8      | Reached **** piety under Vehumet
  6923 | D:8      | Offered knowledge of Sticky Flame by Vehumet.
  6929 | D:8      | Learned a level 4 spell: Sticky Flame
  7024 | D:8      | Found Meihaucs's Changing Room.
  7115 | D:8      | Bought a potion of lignification for 39 gold pieces
  7379 | D:7      | Reached skill level 5 in Fighting
  7686 | D:9      | Reached skill level 1 in Alchemy
  7686 | D:9      | Reached XP level 10. HP: 51/51 MP: 17/17
  7935 | D:9      | Found a burning altar of Makhleb.
  7988 | D:9      | Found a staircase to the Lair.
  8200 | D:9      | Noticed a two-headed ogre
  8319 | D:9      | Killed a two-headed ogre
  8508 | D:10     | Entered Level 10 of the Dungeon
  8589 | D:10     | Reached skill level 5 in Spellcasting
  8592 | D:10     | Noticed a necromancer
  8607 | D:10     | Killed a necromancer
  8608 | D:10     | Reached skill level 1 in Throwing
  8608 | D:10     | Reached skill level 9 in Stealth
  8640 | D:10     | Reached ***** piety under Vehumet
  8646 | D:10     | Offered knowledge of Freezing Cloud by Vehumet.
  8668 | D:10     | Learned a level 5 spell: Freezing Cloud
  8758 | D:11     | Reached skill level 5 in Fire Magic
  8852 | D:11     | Noticed a manticore
  8871 | D:11     | Killed a manticore
  8872 | D:11     | Reached XP level 11. HP: 44/56 MP: 19/19
  8966 | D:10     | Reached skill level 1 in Air Magic
  9175 | D:10     | Learned a level 1 spell: Apportation
  9387 | D:10     | Noticed Maggie
  9848 | D:10     | Killed Maggie
 10139 | D:11     | Noticed a manticore
 10155 | D:11     | Killed a manticore
 10484 | D:11     | Reached skill level 5 in Conjurations
 10956 | Lair:1   | Entered Level 1 of the Lair of Beasts
 11032 | Lair:1   | Reached skill level 5 in Translocations
 11040 | Lair:1   | Reached skill level 5 in Ice Magic
 11236 | Lair:1   | Identified the +0 chain mail "Ixoe" {^Drain Dex+7}
 11255 | Lair:1   | Reached XP level 12. HP: 48/61 MP: 19/22
 12232 | Lair:1   | Upgraded the game from 0.32-a0-120-gfac0567ad4 to
                  | 0.32-a0-128-g77eb882913
 12243 | Lair:2   | Offered knowledge of Plasma Beam by Vehumet.
 12244 | Lair:2   | Reached skill level 5 in Alchemy
 12245 | Lair:2   | Found a staircase to the Shoals.
 12305 | Lair:2   | Found a hole to the Spider Nest.
 12307 | Lair:2   | Found a gate leading to a gauntlet.
 12315 | Lair:2   | Got Vocid's Thoughts on Battle Magic
 12320 | Lair:2   | Learned a level 3 spell: Mephitic Cloud
 12387 | Gauntlet | Entered a Gauntlet
 12387 | Gauntlet | Noticed a tengu warrior
 12387 | Gauntlet | Found a transporter.
 12387 | Gauntlet | Found a runed translucent door.
 12387 | Gauntlet | Found a runed translucent door.
 12396 | Gauntlet | Found a transporter.
 12398 | Gauntlet | Found a transporter.
 12415 | Gauntlet | Found a transporter.
 12416 | Gauntlet | Found a transporter.
 12431 | Gauntlet | Found a transporter.
 12442 | Gauntlet | Found a transporter.
 12444 | Gauntlet | Noticed an occultist
 12450 | Gauntlet | Noticed an occultist
 12456 | Gauntlet | Found a transporter.
 12463 | Gauntlet | Found a transporter.
 12480 | Gauntlet | Found a transporter.
 12486 | Gauntlet | Found a transporter.
 12489 | Gauntlet | Found a transporter.
 12547 | Gauntlet | Found a transporter.
 12547 | Gauntlet | Found a transporter.
 12750 | Gauntlet | Killed a tengu warrior
 13006 | Gauntlet | Killed an occultist
 13018 | Gauntlet | Identified the ring "Xiumaet" {Int+6 Dex+3}
 13079 | Gauntlet | Noticed a minotaur
 13303 | Gauntlet | Killed a minotaur
 13304 | Gauntlet | Reached skill level 1 in Shields
 13323 | Gauntlet | Identified the +2 robe of Protective Custody {Will+ Regen+
                  | Dex-4}
 13444 | Lair:2   | Noticed Amaemon
 13457 | Lair:2   | Killed Amaemon
 13469 | Lair:2   | Reached XP level 13. HP: 57/66 MP: 18/24
 13638 | Lair:2   | Identified the +5 hand axe of the Abyss {vamp, rN+ Dex+5}
 14470 | Lair:3   | Reached skill level 5 in Dodging
 14470 | Lair:3   | Reached skill level 5 in Air Magic
 14871 | Lair:3   | Offered knowledge of Starburst by Vehumet.
 14872 | Lair:3   | Reached skill level 10 in Stealth
 15233 | Lair:3   | Noticed Sonja
 15242 | Lair:3   | Killed Sonja
 15339 | Lair:4   | Reached XP level 14. HP: 63/72 MP: 25/27
 15541 | Lair:4   | Found a staircase to the Slime Pits.
 15945 | Lair:5   | Entered Level 5 of the Lair of Beasts
 16874 | Lair:5   | Found a bloodstained altar of Trog.
 16953 | Lair:5   | Found a transporter.
 16957 | Lair:5   | Found a transporter.
 16961 | Lair:5   | Noticed bjtr's ghost (adept VSEn)
 17251 | Lair:5   | Engulfed by a cloud of freezing vapour

Illustrated notes

Levels and vault maps discovered:
D:1:      heliophobic_arrival_dark_side_of_the_moon, layout_basic
D:2:      layout_loops_corners, serial_shops, nicolae_shop_tiny_statue_garden,
          uniq_natasha, uniq_sigmund, uniq_jessica
D:3:      layout_rooms, xom_butterflies, serial_shops, shop,
          kennysheep_cross_bottleneck, uniq_ijyb, uniq_robin
D:4:      layout_rooms
D:5:      layout_loops_cross, minmay_temple_entry_enclosed_plants, serial_shops,
          nicolae_shop_mannequins, nicolae_wooded_promenade,
          grunt_decor_resistance
D:6:      layout_basic, ebering_ghost_disaster_area
D:7:      layout_rooms
D:8:      layout_loops_corners, nicolae_transmutations_shop
D:9:      layout_basic, mainiacjoe_overflow_paths, david_lair_shrubbed
D:10:     layout_stronghold, eino_house_with_fridge, uniq_maggie
D:11:     layout_roguey
Temple:   nicolae_temple_bog_church
Lair:1:   layout_layer_cave, minivault_24, guppyfry_lair_drakes,
          infiniplex_staircase_pool
Lair:2:   layout_chaotic_city, shoals_dummy_entry, dummy_spider_entry,
          gauntlet_entry_generic, grunt_megastairs_1, uniq_amaemon
Lair:3:   layout_cave_shapes, minivault_27, nicolae_lair_run_with_the_wolves,
          lemuel_fruit_fields, uniq_sonja
Lair:4:   layout_big_grid, nicolae_slime_entry_slimehenge, serial_bayou_shore_b
Lair:5:   grunt_lair_end_beastmaster, layout_cave_pods,
          gammafunk_ghost_wrathful_warriors, minivault_23

Skill      XL: |  1  2  3  4  5  6  7  8  9 10 11 12 13 14 |
---------------+-------------------------------------------+-----
Long Blades    | 2 3 4 5 6 7 8 |  8.4
Spellcasting   | 1 2 3 4 5 6 8 |  8.8
Fighting       | 3 4 5 6 7 8 |  8.1
Stealth        | 7 8 9 10 | 10.3
Short Blades   | 1 2 3 |  3.3
Dodging        | 2 3 4 5 |  5.7
Fire Magic     | 1 3 4 5 6 7 |  7.0
Ice Magic      | 1 2 3 4 5 6 7 |  7.1
Translocations | 2 3 4 5 6 |  6.3
Conjurations   | 1 3 4 5 6 7 |  7.2
Alchemy        | 1 2 4 5 6 |  6.0
Throwing       | 1 |  1.1
Air Magic      | 3 4 5 7 |  7.0
Shields        | 2 3 4 |  4.3
Armour         | |  0.9

Action                     |  1- 3 |  4- 6 |  7- 9 | 10-12 | 13-15 || total
---------------------------+-------+-------+-------+-------+-------++-------
  Melee: Falchion          |    49 |    46 |   148 |   624 |   215 ||  1082
         Bite              |    14 |    20 |   138 |   241 |   188 ||   601
         Dagger            |    22 |    14 |    15 |    69 |   227 ||   347
         Punch             |     2 |     1 |    30 |    55 |       ||    88
         Long sword        |       |    31 |   277 |       |       ||   308
  Throw: Dart              |       |       |    12 |    17 |     5 ||    34
         Boomerang         |       |       |     1 |     1 |       ||     2
         Throwing net      |       |       |     1 |       |       ||     1
   Cast: Scorch            |       |       |    15 |     2 |       ||    17
         Ozocubu's Armour  |       |       |     7 |    46 |    31 ||    84
         Iskenderun's Myst |       |       |     1 |       |       ||     1
         Freezing Cloud    |       |       |       |     8 |    25 ||    33
         Mephitic Cloud    |       |       |       |    11 |     8 ||    19
         Sticky Flame      |       |       |       |     2 |       ||     2
         Apportation       |       |       |       |       |     3 ||     3
  Evoke: Wand              |       |       |     5 |       |       ||     5
    Use: Scroll            |     2 |       |     8 |    15 |     4 ||    29
         Potion            |     2 |       |     2 |     4 |       ||     8
   Stab: Sleeping          |    15 |    12 |    12 |    18 |    13 ||    70
         Distracted        |       |       |     1 |     1 |       ||     2
         Confused          |       |       |       |     5 |    12 ||    17
         Invisible         |       |       |       |     1 |       ||     1
 Armour: Leather armour    |    36 |       |       |       |       ||    36
         Robe              |       |    26 |   215 |   146 |   284 ||   671
         Steam dragon scal |       |       |       |   234 |       ||   234
  Dodge: Dodged            |    58 |    54 |   441 |   810 |   421 ||  1784
  Block: Buckler           |       |       |       |    14 |   181 ||   195
         Reflection        |       |       |       |       |     1 ||     1

Table legend: (Time is in decaauts)
 A = Elapsed time spent in this place.
 B = Non-inter-level travel time spent in this place.
 C = Inter-level travel time spent in this place.
 D = Time resting spent in this place.
 E = Time spent auto-exploring this place.
 F = Levels seen in this place.
 G = Mean time per level.
                   A        B        C        D        E       F      G
               +--------+--------+--------+--------+--------+-----+--------+
         Total |  17100 |  16693 |    407 |   2785 |   3546 |  18 |  950.0 |
       Dungeon |  10920 |  10598 |    322 |   1531 |   2135 |  11 |  992.7 |
        Temple |     16 |      2 |     14 |      0 |      0 |   1 |   16.0 |
          Lair |   5214 |   5144 |     70 |    933 |   1411 |   5 | 1042.8 |
      Gauntlet |    950 |    950 |      0 |    321 |      0 |   1 |  950.0 |
               +--------+--------+--------+--------+--------+-----+--------+

Top non-repeatable levels by time:
     D:5: 1579 daAuts
    D:10: 1552 daAuts
     D:2: 1316 daAuts
  Lair:1: 1265 daAuts
  Lair:5: 1200 daAuts
  Lair:3: 1025 daAuts
  Lair:2: 997 daAuts
     D:8: 980 daAuts
     D:6: 952 daAuts
Gauntlet: 950 daAuts
     D:9: 918 daAuts
    D:11: 842 daAuts
     D:3: 827 daAuts
     D:4: 766 daAuts
  Lair:4: 726 daAuts
